 Dungeon Crawl Stone Soup version 0.31-a0-202-g547052bce9 (webtiles) character file.

Game seed: 6774125861037444802

32 qw the Shooter (level 3, -5/20 HPs)
             Began as a Deep Elf Hunter on June 26, 2023.
             Slain by a gnoll
             ... wielding a +0 halberd
              (15 damage)
             ... on level 2 of the Dungeon.
             The game lasted 00:00:20 (695 turns).

qw the Shooter (Deep Elf Hunter)                     Turns: 695, Time: 00:00:20

Health: -5/20      AC:  5    Str: 10    XL:     3   Next: 10%
Magic:  5/5        EV: 11    Int: 13    God:
Gold:   33         SH:  0    Dex: 18    Spells: 2/2 levels left

rFire   . . .        Y - +1 shortbow
rCold   . . .        (shield currently unavailable)
rNeg    . . .        d - +0 ring mail
rPois   .            (no helmet)
rElec   .            (no cloak)
rCorr   .            (no gloves)
SInv    .            (no boots)
Will    .....        (no amulet)
Stlth   +            (no ring)
HPRegen 0.23/turn    (no ring)
MPRegen 0.09/turn

%: no passive effects
@: no status effects
A: no striking features
a: no special abilities


You were on level 2 of the Dungeon.
You visited 1 branch of the dungeon, and saw 2 of its levels.

You collected 33 gold pieces.


   Skills:
 - Level 1.5 Fighting
 + Level 6.7 Ranged Weapons
 - Level 2.4 Dodging
 - Level 1.2 Stealth


You had 2 spell levels left.
You didn't know any spells.
Your spell library was empty.

Inventory:

Hand Weapons
 Y - a +1 shortbow (weapon)
Armour
 d - a +0 ring mail (worn)
Potions
 a - 3 potions of heal wounds {unknown}
 b - a potion of magic {unknown}

Dungeon Overview and Level Annotations

Branches:
Dungeon (2/15)

Altars:


Message History

The worm is lightly wounded.
You shoot an arrow. The arrow barely misses the worm.
You shoot an arrow. The arrow hits the worm!
The worm is heavily wounded.
You shoot an arrow. The arrow hits the worm.
The worm is severely wounded.
You shoot an arrow. The arrow hits the worm.
The worm is severely wounded.
You shoot an arrow. The arrow hits the worm!
You kill the worm!
a - a red potion
Enter note: You now have 33 gold pieces (gained 10).
a - 3 red potions (gained 2)
b - a blue potion
Enter note:
Found a stone staircase leading down.
Enter note: A goblin comes into view. It is wielding a +0 club.
The goblin shouts!
You hear a shout! x3
Enter note: You shoot an arrow.
The arrow hits the goblin.
You kill the goblin! 3 gnolls come into view.
The gnoll shouts! x3
A gnoll comes into view. It is wielding a +0 halberd.
Enter note:
691 ||| Stepping ~*~*~tactically~*~*~ (outnumbered).
692 ||| Stepping ~*~*~tactically~*~*~ (outnumbered).
You shoot an arrow. The arrow hits the gnoll.
The gnoll is moderately wounded.
You shoot an arrow. The gnoll shouts!
The arrow hits the gnoll!
The gnoll is almost dead.
The gnoll hits you from afar with a +0 halberd!
Ouch! That really hurt!
The gnoll hits you from afar with a +0 halberd!
Ouch! That really hurt!
You die...

#.....#
#..........#
#.....#
######.#.###
#.....# .#.# .
#.....# .# #
...####.########
................
.#..###.######..
##.....# ####.@#
##.# #gg......
#.....g..
#.>......
#....)..g
#........
#.####### #.#


You could see 2 gnolls.

Vanquished Creatures
  2 worms (D:2)
  A dart slug (D:1)
  4 ball pythons (D:1)
  3 bats (D:1)
  5 goblins
  A hobgoblin (D:1)
  3 jackals (D:1)
  A quokka (D:1)
  A kobold (D:1)
  3 rats (D:1)
24 creatures vanquished.

Notes
Turn   | Place    | Note
-------+----------+-------------------------------------------
     0 | D:1      | qw the Deep Elf Hunter began the quest for the Orb.
     0 | D:1      | Reached XP level 1. HP: 12/12 MP: 3/3
     0 | D:1      | 0 ||| qw: Version: 0.3-a-22-g0ed2b0b
     0 | D:1      | 0 ||| qw: Game counter: 5801
     0 | D:1      | 0 ||| qw: Melee chars always use a shield: true
     0 | D:1      | 0 ||| qw: God list: Okawaru
     0 | D:1      | 0 ||| qw: Allow faded altars: false
     0 | D:1      | 0 ||| qw: Do Orc after clearing Dungeon:15 true
     0 | D:1      | 0 ||| qw: Do second Lair branch before Depths: true
     0 | D:1      | 0 ||| qw: Lair rune preference: random
     0 | D:1      | 0 ||| qw: Goals: Normal
     0 | D:1      | 0 ||| PLANNING D:1-11
   197 | D:1      | Reached XP level 2. HP: 16/16 MP: 4/4
   198 | D:1      | Reached skill level 6 in Ranged Weapons
   269 | D:1      | 269 ||| FLEEEEING.
   270 | D:1      | 270 ||| FLEEEEING.
   271 | D:1      | 271 ||| FLEEEEING.
   556 | D:1      | 556 ||| UPGRADING to +0 ring mail.
   566 | D:1      | 566 ||| DROPPING +0 leather armour.
   567 | D:1      | 567 ||| READING scroll labelled KORI VAOPIOKKA.
   568 | D:1      | 568 ||| READING scroll labelled XOSMUL MUWK.
   569 | D:1      | 569 ||| READING scroll labelled TONOUKKEPH.
   570 | D:1      | 570 ||| READING scroll labelled ETHRUXT AFINWURUIK.
   571 | D:1      | 571 ||| DROPPING scroll of butterflies.
   642 | D:2      | Reached XP level 3. HP: 20/20 MP: 5/5
   691 | D:2      | 691 ||| Stepping ~*~*~tactically~*~*~ (outnumbered).
   692 | D:2      | 692 ||| Stepping ~*~*~tactically~*~*~ (outnumbered).
   695 | D:2      | Slain by a gnoll

Levels and vault maps discovered:
D:1:      matt_arrival_spirals, layout_rooms
D:2:      layout_basic

Skill      XL: |  1  2 |
---------------+-------+-----
Ranged Weapons | 6 |  6.7
Fighting       | |  1.5
Dodging        | |  2.4
Stealth        | |  1.2

Action                     || total
---------------------------++-------
   Fire: Shortbow          ||    71
    Use: Scroll            ||     4
 Armour: Leather armour    ||     6
  Dodge: Dodged            ||    11

Table legend:
 A = Non-vault XP
 B = Vault XP
 C = Vault XP percentage of total XP
 D = Non-vault monster count
 E = Vault monster count
 F = Vault count percentage of total count
                 A         B        C        D         E       F
            +---------+---------+-------+---------+---------+-------
      Total |      47 |       0 |   0.0 |      24 |       0 |   0.0
            +---------+---------+-------+---------+---------+-------
        D:1 |      36 |       0 |   0.0 |      21 |       0 |   0.0
        D:2 |      11 |       0 |   0.0 |       3 |       0 |   0.0
            +---------+---------+-------+---------+---------+-------
